 Dungeon Crawl Stone Soup version 0.24-a0-235-g3f03afc (webtiles) character file.

Game seed: 10823787772073877498

10 xeno23 the Sneak (level 2, 0/19 HPs)
             Began as an Octopode Assassin on Apr 7, 2019.
             Slain by a kobold
             ... wielding a +0 whip
              (2 damage)
             ... on level 1 of the Dungeon.
             The game lasted 00:00:39 (78 turns).

xeno23 the Sneak (Octopode Assassin)                  Turns: 78, Time: 00:00:40

Health: 0/19       AC:  1    Str: 10    XL:     2   Next: 20%
Magic:  2/2        EV: 13    Int: 13    God:
Gold:   0          SH:  0    Dex: 13    Spells: 1/1 levels left

rFire    . . .     SeeInvis .   a - +2 dagger
rCold    . . .     Gourm    .   (no shield)
rNeg     . . .     Faith    .   (helmet restricted)
rPois    .         Spirit   .   (no amulet)
rElec    .         Reflect  .   (no ring)
rCorr    .         Harm     .   (no ring)
MR       .....                  (no ring)
Stlth    ++++......             (no ring)
HPRegen  0.06/turn              (no ring)
MPRegen  0.08/turn              (no ring)
                                (no ring)
                                (no ring)

@: no status effects
A: almost no armour, stealthy swim, amphibious, 8 rings, constrict 8, camouflage
1, gelatinous body 1
a: no special abilities


You were on level 1 of the Dungeon.
You were not hungry.

You visited 1 branch of the dungeon, and saw 1 of its levels.

Inventory:

Hand Weapons
 a - a +2 dagger (weapon)
 b - a +0 blowgun
Missiles
 c - 8 poisoned needles
 d - 2 curare-tipped needles
Scrolls
 h - a scroll of remove curse {unknown}
 i - a scroll of teleportation {unknown}
Potions
 e - a potion of invisibility {unknown}
Comestibles
 f - 2 rations
 g - a chunk of flesh


   Skills:
 - Level 2.0 Fighting
 * Level 2.2 Short Blades
 - Level 2.0 Throwing
 - Level 1.0 Dodging
 + Level 5.9 Stealth


You had one spell level left.
You didn't know any spells.
Your spell library was empty.

Dungeon Overview and Level Annotations

Branches:
Dungeon (1/15)

Altars:


Innate Abilities, Weirdness & Mutations

You cannot wear most types of armour.
You are very stealthy in the water. (Stealth+)
You are amphibious.
You can wear up to eight rings at the same time.
You can use your tentacles to constrict eight enemies at once.
Your skin changes colour to match your surroundings (Stealth+).
Your rubbery body absorbs attacks. (AC +1, EV +1)


Message History

You hit the bat. You grab the bat.
The bat is moderately wounded.
You constrict the bat. The bat hits you but does no damage.
The bat escapes!
The bat hits you.
You take 1 damage.
You barely miss the bat. You grab the bat.
The bat is severely wounded.
You constrict the bat.
You kill the bat!
You see here a bat corpse.
A kobold and a dart slug come into view.
The kobold shouts!
The ball python hisses angrily.
You barely miss the ball python. You grab the ball python.
You constrict the ball python. The ball python bites you.
The ball python barely misses you. The dart slug launches a dart at you.
The slug dart hits you.
* * * LOW HITPOINT WARNING * * *
The kobold hits you with a +0 whip.
You die...

.w ...# .. #.# ... ...
#.# #.. .... ... ..
.....###.##.#
.?............# .
..........=#S.#....
.....>.....@K......
.......#...#..##...
..........†#..# .
#......#...#..##.
#..........#....
................#..##
.....#b.........#..##..
$.....................#
.......###.##.#.##.##.


You could see a dart slug, a ball python and a kobold.

Vanquished Creatures
  5 bats (D:1)
  A goblin (D:1)
  A kobold (D:1)
  2 frilled lizards (D:1)
9 creatures vanquished.

Notes
Turn   | Place    | Note
-------+----------+-------------------------------------------
     0 | D:1      | xeno23 the Octopode Assassin began the quest for the Orb.
     0 | D:1      | Reached XP level 1. HP: 14/14 MP: 1/1
    27 | D:1      | Reached XP level 2. HP: 5/19 MP: 2/2
    78 | D:1      | Slain by a kobold

Levels and vault maps discovered:
D:1:      saegor_arrival_simple_b, layout_basic, minmay_pentomino_u4

Action                   || total
-------------------------++-------
Melee: Dagger            ||    17
       Constrict         ||     7
       Tentacles         ||     1
 Stab: Sleeping          ||     2
Armor: Skin              ||     4
Dodge: Dodged            ||     7

Table legend:
 A = Non-vault XP
 B = Vault XP
 C = Vault XP percentage of total XP
 D = Non-vault monster count
 E = Vault monster count
 F = Vault count percentage of total count
                 A         B        C        D         E       F
            +---------+---------+-------+---------+---------+-------
      Total |       9 |       6 |  40.0 |       5 |       4 |  44.4
            +---------+---------+-------+---------+---------+-------
        D:1 |       9 |       6 |  40.0 |       5 |       4 |  44.4
            +---------+---------+-------+---------+---------+-------
